[Event "Championnat de France Alpe d'Huez 2023 "]
[Site "ALPE D'HUEZ, France"]
[Date "2023.08.19"]
[Round "1.1"]
[White "DUBOUE, Peio"]
[Black "LE GOFF, Damien"]
[Result "1/2-1/2"]
[ECO "A91"]
[WhiteElo "2453"]
[BlackElo "2273"]
[PlyCount "65"]
[EventDate "2023.08.??"]
[TimeControl "1/40+30:0"]

1. d4 {48} f5 {37} 2. g3 {38} Nf6 {62} 3. Bg2 {4} e6 {35} 4. c4 {316} Be7 {130}
5. Nc3 {106} d5 {148} 6. Bg5 {440} c6 {128} 7. cxd5 {534} exd5 {400} 8. Bxf6 {
179} Bxf6 {10} 9. e3 {2} Be7 {212} 10. h4 {937} Nd7 {705} 11. Qh5+ {445} g6 {36
} 12. Qh6 {255} Nf6 {615} 13. Qg7 {325} Rg8 {69} 14. Qh6 {3} Rh8 {194} 15. Qf4
{314} Kf7 {574} 16. Nh3 {332} Kg7 {92} 17. Qf3 {87} Bd6 {234} 18. Nf4 {121} Qe7
{40} 19. Nd3 {173} Bd7 {495} 20. Qe2 {23} Rae8 {96} 21. O-O-O {94} Rhf8 {104}
22. Kb1 {128} Ne4 {426} 23. Qc2 {114} Be6 {129} 24. Ne2 {95} Rc8 {79} 25. h5 {
89} b6 {344} 26. Ka1 {147} Bf7 {44} 27. Rc1 {371} Nf6 {158} 28. Bf3 {130} g5 {
122} 29. h6+ {50} Kg8 {17} 30. Bg2 {138} c5 {126} 31. dxc5 {121} bxc5 {7} 32.
Rhd1 {31} Be6 {172} 33. Qa4 {58} 1/2-1/2

[Event "Championnat de France Alpe d'Huez 2023 "]
[Site "ALPE D'HUEZ, France"]
[Date "2023.08.19"]
[Round "1.2"]
[White "FAVAREL, Julien"]
[Black "DEGRAEVE, Remy"]
[Result "1/2-1/2"]
[ECO "B32"]
[WhiteElo "2271"]
[BlackElo "2445"]
[PlyCount "100"]
[EventDate "2023.08.??"]
[TimeControl "1/40+30:0"]

1. e4 {3} c5 {7} 2. Nf3 {12} Nc6 {4} 3. d4 {7} cxd4 {4} 4. Nxd4 {4} e5 {5} 5.
Nb5 {11} d6 {4} 6. c4 {17} g6 {13} 7. Bd3 {111} Nf6 {7} 8. O-O {142} Bg7 {5} 9.
Bc2 {632} O-O {61} 10. Qxd6 {375} Be6 {149} 11. N1a3 {252} Nd4 {115} 12. Qxd8 {
171} Rfxd8 {4} 13. b3 {1050} Ne2+ {3780} 14. Kh1 {33} Nxc1 {3} 15. Raxc1 {26}
Bf8 {8} 16. Nb1 {87} Rd7 {75} 17. Rcd1 {312} Bc5 {227} 18. f3 {113} a6 {470}
19. N5c3 {67} b5 {199} 20. Nd5 {245} Kg7 {259} 21. Nbc3 {683} bxc4 {81} 22.
bxc4 {89} Rc8 {120} 23. Bb3 {253} Rb7 {101} 24. Nxf6 {451} Kxf6 {3} 25. Nd5+ {
28} Kg7 {28} 26. h3 {42} g5 {234} 27. Rd3 {303} h5 {8} 28. Rfd1 {96} h4 {24}
29. Kh2 {57} Bd4 {113} 30. Ne3 {186} a5 {52} 31. c5 {274} Bxe3 {151} 32. Rxe3 {
6} Bxb3 {4} 33. Rxb3 {21} Rxb3 {4} 34. axb3 {7} Rxc5 {3} 35. Rd6 {93} Rb5 {58}
36. Ra6 {5} Kf8 {12} 37. g3 {57} Ke7 {7} 38. gxh4 {20} gxh4 {13} 39. Kg2 {39}
f6 {31} 40. f4 {181} exf4 {142} 41. Kf3 {19} Rxb3+ {250} 42. Kxf4 {4} Rxh3 {214
} 43. Rxa5 {7} Rh1 {114} 44. e5 {128} Rf1+ {237} 45. Kg4 {41} f5+ {4} 46. Kxh4
{6} Rg1 {2} 47. Ra6 {39} Re1 {69} 48. Kg5 {11} Rxe5 {5} 49. Kf4 {8} Re6 {2} 50.
Rxe6+ {19} Kxe6 {0} 1/2-1/2

[Event "Championnat de France Alpe d'Huez 2023 "]
[Site "ALPE D'HUEZ, France"]
[Date "2023.08.19"]
[Round "1.3"]
[White "VLACHOS, Anatole"]
[Black "SAMOUN, Florent"]
[Result "1-0"]
[ECO "C11"]
[WhiteElo "2436"]
[BlackElo "2267"]
[PlyCount "115"]
[EventDate "2023.08.??"]
[TimeControl "1/40+30:0"]

1. d4 {7} Nf6 {13} 2. Nc3 {16} e6 {109} 3. e4 {5} d5 {8} 4. e5 {4} Nfd7 {7} 5.
f4 {4} c5 {13} 6. Nf3 {8} Nc6 {24} 7. Be3 {6} Qb6 {133} 8. a3 {13} c4 {786} 9.
Qc1 {736} Qc7 {347} 10. f5 {227} Nb6 {294} 11. Nb5 {22} Qd8 {109} 12. Bg5 {137}
f6 {831} 13. exf6 {228} gxf6 {168} 14. Bf4 {83} e5 {131} 15. dxe5 {17} fxe5 {
580} 16. Nxe5 {266} Bc5 {1055} 17. Qd1 {406} Nxe5 {548} 18. Bxe5 {21} Qh4+ {476
} 19. Bg3 {50} Qe4+ {46} 20. Qe2 {6} Bxf5 {97} 21. Nc7+ {6} Kd7 {50} 22. Qxe4 {
136} Bxe4 {5} 23. Nxa8 {3} Rxa8 {5} 24. O-O-O {69} Kc6 {56} 25. Be5 {77} Rf8 {
37} 26. Bd4 {27} Bd6 {41} 27. h4 {97} Na4 {114} 28. Be2 {258} Bxg2 {17} 29.
Rhg1 {2} Be4 {6} 30. Rdf1 {16} Rf4 {131} 31. Rxf4 {90} Bxf4+ {5} 32. Kd1 {118}
Bd6 {43} 33. Bh5 {54} Bc5 {102} 34. Be8+ {141} Kd6 {5} 35. Bxc5+ {10} Nxc5 {4}
36. Rg7 {52} Ke5 {74} 37. c3 {87} a6 {25} 38. Kd2 {104} b5 {38} 39. Ke3 {82}
Na4 {35} 40. Rg5+ {79} Ke6 {29} 41. Kd4 {60} Nxb2 {372} 42. Bc6 {256} Nd3 {319}
43. Bxd5+ {25} Bxd5 {6} 44. Rxd5 {4} Nf4 {18} 45. Re5+ {15} Kd6 {25} 46. Re8 {
39} h5 {204} 47. Re3 {1006} Ng6 {233} 48. Ke4 {373} Nxh4 {162} 49. Rg3 {130}
Ke6 {228} 50. Rg5 {14} Kf6 {19} 51. Rxh5 {26} Ng6 {5} 52. a4 {124} bxa4 {46}
53. Ra5 {4} Ke7 {23} 54. Rxa6 {22} Nf8 {21} 55. Kd5 {49} Nd7 {13} 56. Kxc4 {26}
Ne5+ {8} 57. Kd5 {46} Nd3 {9} 58. Rxa4 {15} 1-0

[Event "Championnat de France Alpe d'Huez 2023 "]
[Site "ALPE D'HUEZ, France"]
[Date "2023.08.19"]
[Round "1.4"]
[White "DURAND-LE LUDEC, Brendan-D"]
[Black "DEFROMONT, Benjamin"]
[Result "1/2-1/2"]
[ECO "E10"]
[WhiteElo "2240"]
[BlackElo "2428"]
[PlyCount "81"]
[EventDate "2023.08.??"]
[TimeControl "1/40+30:0"]

1. d4 {5} Nf6 {8} 2. c4 {11} e6 {7} 3. Nf3 {14} c5 {41} 4. d5 {54} b5 {17} 5.
e4 {92} Nxe4 {23} 6. Bd3 {6} Nf6 {30} 7. O-O {67} bxc4 {85} 8. Bxc4 {9} Ba6 {7}
9. Bxa6 {100} Nxa6 {12} 10. Bg5 {10} Qb8 {74} 11. Bxf6 {233} gxf6 {17} 12. Qe2
{202} Qb7 {680} 13. Nc3 {37} Bg7 {27} 14. Ne4 {644} O-O {41} 15. Rac1 {95} f5 {
323} 16. Nxc5 {645} Nxc5 {6} 17. Rxc5 {5} Qxb2 {158} 18. Qxb2 {377} Bxb2 {8}
19. Rc7 {6} d6 {1305} 20. g3 {557} Bf6 {858} 21. Rb1 {179} e5 {615} 22. Rbb7 {
238} Rab8 {447} 23. Rxf7 {601} Rxf7 {79} 24. Rxb8+ {2} Kg7 {10} 25. Nd2 {120}
Rc7 {15} 26. Nb3 {12} e4 {181} 27. a4 {491} Bc3 {281} 28. a5 {265} Kf6 {57} 29.
a6 {62} Ke5 {6} 30. Rb7 {234} Rc8 {136} 31. Rxh7 {126} Kxd5 {32} 32. Rxa7 {14}
Kc4 {37} 33. Nc1 {358} Bd4 {233} 34. Rf7 {136} Ra8 {299} 35. Ne2 {42} Bc5 {19}
36. Rxf5 {47} Rxa6 {6} 37. h4 {203} Ra2 {267} 38. Kf1 {26} Ra1+ {76} 39. Kg2 {2
} Ra2 {34} 40. Kf1 {13} Ra1+ {40} 41. Kg2 {13} 1/2-1/2

[Event "Championnat de France Alpe d'Huez 2023 "]
[Site "ALPE D'HUEZ, France"]
[Date "2023.08.20"]
[Round "2.1"]
[White "ROUX, Baptiste"]
[Black "VLACHOS, Anatole"]
[Result "1-0"]
[ECO "B10"]
[WhiteElo "2323"]
[BlackElo "2436"]
[PlyCount "93"]
[EventDate "2023.08.??"]
[TimeControl "1/40+30:0"]

1. e4 {15} c6 {8} 2. Nf3 {154} d5 {7} 3. exd5 {95} cxd5 {8} 4. Ne5 {82} a6 {18}
5. d4 {14} Nc6 {5} 6. c3 {266} Nxe5 {11} 7. dxe5 {3} Bf5 {7} 8. Nd2 {233} e6 {7
} 9. Nf3 {99} Bc5 {34} 10. Bd3 {184} Ne7 {122} 11. O-O {149} Rc8 {147} 12. Bg5
{593} Bg6 {127} 13. Qe2 {236} Qd7 {162} 14. Bxe7 {452} Bxd3 {127} 15. Qxd3 {2}
Qxe7 {20} 16. g3 {110} Ba7 {122} 17. Kg2 {167} O-O {427} 18. Rae1 {219} h6 {210
} 19. Nd2 {242} b5 {150} 20. a3 {260} Qb7 {89} 21. Kh3 {303} a5 {701} 22. f4 {
64} b4 {28} 23. axb4 {642} axb4 {2} 24. c4 {10} Rfd8 {634} 25. Qf3 {5} Bd4 {31}
26. b3 {89} Bc3 {39} 27. Re2 {116} Qc7 {558} 28. cxd5 {82} exd5 {7} 29. Rd1 {73
} Ra8 {222} 30. Qd3 {586} Ra2 {159} 31. Nf3 {42} Qc8+ {40} 32. Kg2 {39} Rxe2+ {
192} 33. Qxe2 {33} d4 {0} 34. Rd3 {180} Qc6 {147} 35. Qc2 {477} Qd5 {80} 36. f5
{113} h5 {78} 37. h3 {26} Ra8 {22} 38. e6 {70} fxe6 {56} 39. fxe6 {2} Re8 {55}
40. Kh2 {101} Rxe6 {74} 41. Qd1 {205} Re4 {108} 42. h4 {48} Qe6 {34} 43. Qf1 {
110} Qxb3 {586} 44. Ng5 {181} Qa2+ {128} 45. Kh3 {3} Re2 {74} 46. Qh1 {6} Bd2 {
1006} 47. Ra3 {139} 1-0

[Event "Championnat de France Alpe d'Huez 2023 "]
[Site "ALPE D'HUEZ, France"]
[Date "2023.08.20"]
[Round "2.2"]
[White "TERNAULT, Mathieu"]
[Black "LAMAZE, Simon"]
[Result "1/2-1/2"]
[ECO "A45"]
[WhiteElo "2302"]
[BlackElo "2410"]
[PlyCount "116"]
[EventDate "2023.08.??"]
[TimeControl "1/40+30:0"]

1. d4 {172} Nf6 {27} 2. Bg5 {15} Ne4 {42} 3. Bf4 {13} d5 {91} 4. e3 {16} Bf5 {
283} 5. f3 {43} Nd6 {24} 6. Nc3 {46} e6 {151} 7. g4 {527} Bg6 {10} 8. h4 {120}
h5 {32} 9. g5 {57} Nc6 {487} 10. Qd2 {350} Nf5 {551} 11. Nge2 {216} Bb4 {33}
12. a3 {732} Ba5 {106} 13. Ng3 {679} e5 {512} 14. dxe5 {315} d4 {480} 15. exd4
{393} Nfxd4 {170} 16. O-O-O {72} Qe7 {452} 17. Nge4 {209} Rd8 {136} 18. Qf2 {
393} Bxc3 {115} 19. Nxc3 {19} Bxc2 {27} 20. Rd2 {141} Bf5 {100} 21. Bc4 {189}
Qc5 {511} 22. Ba2 {94} Na5 {211} 23. Rxd4 {206} Qxd4 {9} 24. Be3 {19} Qd7 {408}
25. Rd1 {534} Qc8 {12} 26. Rxd8+ {155} Qxd8 {31} 27. g6 {96} Bxg6 {86} 28. e6 {
261} fxe6 {375} 29. Bd4 {128} O-O {62} 30. Qg1 {37} Kh7 {73} 31. Ne4 {34} Qd7 {
430} 32. Ng5+ {31} Kh8 {3} 33. Nxe6 {35} Qc6+ {7} 34. Bc3 {28} Rf6 {3} 35. Qd4
{41} Qd6 {304} 36. Qe3 {18} Qe7 {81} 37. Qg5 {58} Nc6 {50} 38. f4 {26} Kh7 {58}
39. Qd5 {35} Rxe6 {21} 40. Qxe6 {7} Qxe6 {17} 41. Bxe6 {38} Be4 {154} 42. f5 {
566} Nd8 {30} 43. Kd2 {29} g6 {41} 44. Bf6 {105} Nc6 {94} 45. Bc8 {591} Na5 {
120} 46. fxg6+ {238} Kxg6 {16} 47. Bc3 {8} Nc4+ {13} 48. Ke2 {8} Nb6 {116} 49.
Be6 {149} Bd5 {6} 50. Bh3 {15} c5 {42} 51. Ke3 {55} Bc6 {26} 52. Kf4 {132} Nd5+
{69} 53. Ke5 {5} Nxc3 {38} 54. bxc3 {2} Kf7 {44} 55. Kd6 {106} Kf6 {12} 56. Bc8
{28} Bf3 {140} 57. a4 {82} b6 {39} 58. a5 {18} bxa5 {28} 1/2-1/2

[Event "Championnat de France Alpe d'Huez 2023 "]
[Site "ALPE D'HUEZ, France"]
[Date "2023.08.20"]
[Round "2.3"]
[White "STEPHAN, Victor"]
[Black "HUTOIS, Mickael"]
[Result "1/2-1/2"]
[ECO "A47"]
[WhiteElo "2383"]
[BlackElo "2303"]
[PlyCount "94"]
[EventDate "2023.08.??"]
[TimeControl "1/40+30:0"]

1. d4 {2} Nf6 {106} 2. Nf3 {10} e6 {15} 3. Bg5 {44} c5 {151} 4. e3 {29} b6 {111
} 5. Nbd2 {110} Bb7 {11} 6. c3 {57} Be7 {244} 7. Bd3 {38} O-O {48} 8. O-O {326}
Nd5 {631} 9. Bxe7 {111} Qxe7 {5} 10. a3 {430} cxd4 {238} 11. cxd4 {85} d6 {14}
12. Qe2 {213} e5 {340} 13. Rac1 {464} f5 {531} 14. dxe5 {399} dxe5 {58} 15. Bc4
{5} Kh8 {12} 16. Rfd1 {96} e4 {641} 17. Nd4 {135} Nd7 {86} 18. Nf1 {544} Ne5 {
491} 19. Ng3 {109} Nxc4 {588} 20. Qxc4 {230} f4 {34} 21. Ndf5 {219} Qe5 {121}
22. exf4 {123} Qxf4 {7} 23. Qxe4 {173} Qxe4 {688} 24. Nxe4 {4} Nf4 {185} 25.
Neg3 {48} Bxg2 {176} 26. Rd4 {121} g5 {55} 27. h4 {166} Bh3 {66} 28. hxg5 {267}
Rxf5 {23} 29. Rcc4 {85} b5 {277} 30. Rxf4 {875} bxc4 {3} 31. Nxf5 {10} Rf8 {3}
32. Rxc4 {52} Bxf5 {36} 33. Rc7 {94} a6 {30} 34. Rc6 {100} Bd3 {55} 35. Rd6 {18
} Be2 {74} 36. Rd4 {107} Rf3 {264} 37. Re4 {112} Bb5 {52} 38. a4 {113} Bd7 {0}
39. Rd4 {38} Bf5 {37} 40. Rd6 {20} Rf4 {45} 41. Rxa6 {66} Rg4+ {5} 42. Kh2 {10}
Rxg5 {54} 43. b4 {6} Rg6 {451} 44. Ra5 {54} Bc2 {115} 45. b5 {125} Rb6 {122}
46. Ra7 {51} Be4 {177} 47. Kg3 {108} Bc2 {479} 1/2-1/2

[Event "Championnat de France Alpe d'Huez 2023 "]
[Site "ALPE D'HUEZ, France"]
[Date "2023.08.20"]
[Round "2.4"]
[White "GATINEAU, Yovann"]
[Black "PIGEAT, Alexandre"]
[Result "1/2-1/2"]
[ECO "C15"]
[WhiteElo "2362"]
[BlackElo "2301"]
[PlyCount "82"]
[EventDate "2023.08.??"]
[TimeControl "1/40+30:0"]

1. e4 {103} e6 {49} 2. d4 {18} d5 {22} 3. Nc3 {8} Bb4 {34} 4. Nge2 {17} Nf6 {
167} 5. e5 {21} Ne4 {159} 6. a3 {51} Nxc3 {62} 7. Nxc3 {9} Be7 {200} 8. Qg4 {36
} Bf8 {96} 9. h4 {678} b6 {343} 10. h5 {80} h6 {32} 11. Be3 {66} Qd7 {187} 12.
f4 {384} Ba6 {278} 13. O-O-O {290} Bxf1 {473} 14. Rhxf1 {29} Nc6 {13} 15. f5 {
226} O-O-O {94} 16. f6 {408} Rg8 {83} 17. Kb1 {724} g6 {352} 18. Bc1 {392} Na5
{69} 19. Rf3 {350} Kb7 {312} 20. Rg3 {59} g5 {380} 21. Qe2 {68} a6 {174} 22.
Qd3 {171} Rh8 {93} 23. b3 {204} Ka7 {32} 24. Bb2 {57} Qc8 {99} 25. Rc1 {97} Qb7
{129} 26. Nd1 {57} Rd7 {406} 27. Qc3 {300} Qb8 {246} 28. Ne3 {54} Qc8 {718} 29.
Ka2 {106} c5 {135} 30. dxc5 {82} Bxc5 {26} 31. Ng4 {102} Nc6 {14} 32. Qd2 {105}
b5 {69} 33. Rd3 {109} b4 {81} 34. a4 {389} d4 {160} 35. Re1 {259} Rd5 {57} 36.
Re4 {51} Qd7 {204} 37. Qe1 {64} Bb6 {82} 38. Nh2 {55} Rc5 {267} 39. Kb1 {54}
Rd5 {97} 40. Nf3 {21} Rd8 {26} 41. g4 {619} Qc7 {445} 1/2-1/2

[Event "Championnat de France Alpe d'Huez 2023 "]
[Site "ALPE D'HUEZ, France"]
[Date "2023.08.21"]
[Round "3.1"]
[White "EMMENECKER, Pierre-Antoine"]
[Black "BOURNEL, Antoine"]
[Result "1/2-1/2"]
[ECO "B40"]
[WhiteElo "2285"]
[BlackElo "2329"]
[PlyCount "68"]
[EventDate "2023.08.??"]
[TimeControl "1/40+30:0"]

1. e4 {0} c5 {92} 2. Nf3 {5} e6 {79} 3. b3 {26} b6 {113} 4. d4 {14} cxd4 {89}
5. Nxd4 {6} Bb7 {135} 6. Bd3 {352} Qf6 {596} 7. c3 {851} Nc6 {447} 8. Nxc6 {204
} Bxc6 {219} 9. Qe2 {343} Ne7 {564} 10. O-O {927} Ng6 {250} 11. f4 {24} Bc5+ {
96} 12. Kh1 {8} O-O {347} 13. Bb5 {1404} Bxb5 {343} 14. Qxb5 {4} Rfd8 {104} 15.
Qd3 {503} Rac8 {373} 16. g3 {89} d5 {229} 17. e5 {7} Qf5 {14} 18. Qxf5 {68}
exf5 {1} 19. Bb2 {268} Be7 {212} 20. Nd2 {156} f6 {83} 21. Nf3 {187} fxe5 {30}
22. fxe5 {20} Nf8 {53} 23. Rad1 {17} Ne6 {94} 24. Nd4 {31} Nxd4 {36} 25. Rxd4 {
7} g6 {75} 26. Rfd1 {20} Kf7 {18} 27. Rxd5 {66} Rxd5 {24} 28. Rxd5 {10} Ke6 {13
} 29. c4 {233} Rd8 {34} 30. Rxd8 {303} Bxd8 {6} 31. Kg2 {36} Bc7 {34} 32. Bc1 {
31} Bxe5 {21} 33. Kf3 {45} Bd6 {170} 34. Bf4 {62} Bc5 {Ke3 [%emt 00:01:19] 237}
1/2-1/2

[Event "Championnat de France Alpe d'Huez 2023 "]
[Site "ALPE D'HUEZ, France"]
[Date "2023.08.21"]
[Round "3.2"]
[White "MACON, Arthur"]
[Black "VIEL, Simon"]
[Result "1/2-1/2"]
[ECO "D02"]
[WhiteElo "2328"]
[BlackElo "2275"]
[PlyCount "227"]
[EventDate "2023.08.??"]
[TimeControl "1/40+30:0"]

1. Nf3 {7} Nf6 {8} 2. g3 {21} g6 {45} 3. Bg2 {20} Bg7 {17} 4. O-O {36} O-O {36}
5. d4 {21} d5 {11} 6. c3 {14} a5 {329} 7. a4 {114} c6 {413} 8. Re1 {106} Na6 {
450} 9. Qb3 {241} b6 {567} 10. Ne5 {445} Bb7 {120} 11. Na3 {351} Rc8 {539} 12.
Bf4 {272} e6 {201} 13. Rad1 {323} Nh5 {441} 14. Bd2 {326} Nf6 {247} 15. c4 {149
} c5 {228} 16. cxd5 {717} Bxd5 {30} 17. Bxd5 {176} exd5 {192} 18. Nb5 {579}
cxd4 {328} 19. Nxd4 {449} Nc5 {44} 20. Qb5 {321} Nfe4 {522} 21. Nec6 {108} Qe8
{129} 22. Qxb6 {207} Nxa4 {210} 23. Qb7 {61} Nd6 {63} 24. Qb3 {478} Rxc6 {373}
25. Qxa4 {10} Rc4 {28} 26. Qxe8 {7} Rxe8 {3} 27. Bc3 {214} a4 {265} 28. Nf3 {
248} Bxc3 {167} 29. bxc3 {1} Ne4 {67} 30. Rxd5 {66} Nxc3 {2} 31. Ra5 {55} Rxe2
{64} 32. Rxe2 {38} Nxe2+ {5} 33. Kf1 {6} Nc3 {47} 34. Ra7 {52} Nb5 {122} 35.
Ra8+ {115} Kg7 {4} 36. Ne5 {45} Rb4 {96} 37. Nd3 {72} Rb3 {68} 38. Ke2 {43} a3
{23} 39. Kd2 {16} Rb1 {76} 40. Kc2 {44} Rf1 {36} 41. Ra5 {411} g5 {787} 42. Kb3
{378} h6 {333} 43. h3 {103} f6 {201} 44. Kc2 {187} h5 {84} 45. Kb3 {44} Rh1 {
106} 46. Kc2 {89} Kf7 {233} 47. Nc5 {195} Nd4+ {98} 48. Kd3 {269} Rd1+ {69} 49.
Kc3 {32} Ne2+ {14} 50. Kb3 {91} Rb1+ {97} 51. Ka2 {192} Nc3+ {111} 52. Kxa3 {15
} Rf1 {30} 53. Kb3 {66} Nd1 {31} 54. Ra1 {33} Rh1 {36} 55. Ne4 {53} h4 {26} 56.
gxh4 {44} Rxh3+ {31} 57. Kc2 {37} Nxf2 {36} 58. Nxf2 {53} Rh2 {0} 59. Rf1 {37}
Rxh4 {39} 60. Kd3 {13} Kg6 {31} 61. Ke3 {8} f5 {27} 62. Ra1 {22} Rb4 {29} 63.
Kf3 {49} Rb3+ {11} 64. Kg2 {1} f4 {28} 65. Ra8 {42} g4 {72} 66. Rg8+ {33} Kf5 {
31} 67. Rf8+ {11} Ke5 {33} 68. Nxg4+ {7} Ke4 {8} 69. Nf2+ {49} Ke5 {9} 70. Re8+
{16} Kf5 {10} 71. Ra8 {12} Rg3+ {61} 72. Kf1 {7} Rf3 {36} 73. Ra5+ {11} Ke6 {20
} 74. Rb5 {40} Ra3 {40} 75. Ne4 {40} Re3 {31} 76. Nd2 {68} Re5 {22} 77. Rb4 {16
} Kf5 {24} 78. Kf2 {20} Rd5 {43} 79. Nb3 {58} Rd3 {55} 80. Nd4+ {28} Kg4 {37}
81. Ne2 {20} Rf3+ {19} 82. Kg2 {19} Re3 {23} 83. Rxf4+ {66} Kg5 {6} 84. Rf2 {2}
Ra3 {21} 85. Ng1 {50} Kg4 {21} 86. Rb2 {34} Ra4 {41} 87. Ne2 {36} Rc4 {27} 88.
Rb8 {23} Ra4 {28} 89. Rf8 {28} Rb4 {33} 90. Kf2 {20} Ra4 {32} 91. Ke3 {12} Ra3+
{50} 92. Ke4 {9} Ra4+ {10} 93. Nd4 {6} Rb4 {65} 94. Rg8+ {5} Kh4 {17} 95. Ke5 {
13} Kh3 {41} 96. Nf5 {71} Ra4 {44} 97. Ne3 {46} Kh4 {35} 98. Ng2+ {34} Kh3 {19}
99. Nf4+ {22} Kh4 {21} 100. Rg1 {57} Ra5+ {15} 101. Nd5 {19} Kh5 {18} 102. Ke4
{21} Kh6 {9} 103. Nf4 {20} Rb5 {47} 104. Ne6 {99} Kh5 {69} 105. Kf4 {93} Rb4+ {
20} 106. Kf5 {6} Rb5+ {21} 107. Kf6 {5} Kh4 {36} 108. Nd4 {9} Ra5 {43} 109.
Nf3+ {15} Kh3 {22} 110. Nd4 {76} Kh4 {16} 111. Kg6 {34} Ra4 {58} 112. Nf3+ {23}
Kh3 {5} 113. Kf5 {21} Rf4+ {16} 114. Kxf4 {17} 1/2-1/2

[Event "Championnat de France Alpe d'Huez 2023 "]
[Site "ALPE D'HUEZ, France"]
[Date "2023.08.21"]
[Round "3.3"]
[White "POURQUET, Matthieu"]
[Black "ROUX, Baptiste"]
[Result "1-0"]
[ECO "A07"]
[WhiteElo "2183"]
[BlackElo "2323"]
[PlyCount "123"]
[EventDate "2023.08.??"]
[TimeControl "1/40+30:0"]

1. Nf3 {363} d5 {20} 2. g3 {15} g6 {10} 3. Bg2 {5} Bg7 {5} 4. O-O {13} e5 {29}
5. d3 {4} Ne7 {96} 6. e4 {5} O-O {528} 7. b4 {105} dxe4 {191} 8. dxe4 {6} c6 {
331} 9. a4 {55} Qc7 {164} 10. Qe2 {259} h6 {161} 11. Nbd2 {50} a5 {254} 12. b5
{129} Be6 {238} 13. Ba3 {167} c5 {192} 14. Nc4 {270} b6 {118} 15. Bb2 {297} Nd7
{60} 16. Rad1 {124} Rfd8 {126} 17. Rd2 {721} Bxc4 {333} 18. Qxc4 {7} Nf8 {14}
19. Bh3 {206} Rxd2 {99} 20. Nxd2 {7} Rd8 {65} 21. Qe2 {149} Nh7 {121} 22. Nc4 {
316} Ng5 {64} 23. Bg2 {4} Ne6 {141} 24. c3 {9} Nc8 {334} 25. Rd1 {109} Rd7 {220
} 26. Bc1 {88} Qd8 {71} 27. Rxd7 {6} Qxd7 {2} 28. Qd2 {10} Qxd2 {29} 29. Bxd2 {
4} Kf8 {149} 30. f4 {738} exf4 {281} 31. gxf4 {284} Ke7 {173} 32. e5 {371} Nd8
{44} 33. Bh3 {11} Ne6 {7} 34. Bg2 {3} Nd8 {5} 35. Kf2 {628} Kd7 {70} 36. Ke3 {
64} Kc7 {43} 37. Ke4 {76} Ne6 {74} 38. h4 {410} h5 {14} 39. Ne3 {79} Ne7 {793}
40. f5 {40} gxf5+ {6} 41. Nxf5 {3} Ng6 {244} 42. Nxg7 {144} Nxg7 {5} 43. Bg5 {
371} Ne6 {1} 44. Bf6 {17} c4 {26} 45. Kf5 {64} Ngf4 {264} 46. Bf3 {249} Kc8 {
243} 47. Bg5 {513} Nd3 {437} 48. Bh6 {53} Kd7 {162} 49. Bxh5 {182} Ke7 {16} 50.
Be2 {87} Nb2 {24} 51. Be3 {104} Nxa4 {23} 52. Bxc4 {8} Nac5 {83} 53. h5 {37}
Ng7+ {96} 54. Kg4 {24} Nd7 {17} 55. Bd4 {78} Kf8 {70} 56. h6 {98} Ne6 {1} 57.
Kf5 {6} Ndc5 {102} 58. Bxe6 {178} fxe6+ {1} 59. Kf6 {13} Ne4+ {5} 60. Kxe6 {12}
a4 {4} 61. Kd7 {96} a3 {25} 62. e6 {16} 1-0

[Event "Championnat de France Alpe d'Huez 2023 "]
[Site "ALPE D'HUEZ, France"]
[Date "2023.08.21"]
[Round "3.4"]
[White "LUCAS, Arthur"]
[Black "BOYER, Mahel"]
[Result "1/2-1/2"]
[ECO "B21"]
[WhiteElo "2312"]
[BlackElo "2476"]
[PlyCount "112"]
[EventDate "2023.08.??"]
[TimeControl "1/40+30:0"]

1. e4 {3} c5 {654} 2. d4 {192} cxd4 {39} 3. Qxd4 {4} Nc6 {76} 4. Qd3 {5} g6 {
385} 5. Nc3 {54} Bg7 {17} 6. Nf3 {7} Nf6 {190} 7. Be2 {14} O-O {140} 8. O-O {23
} d6 {1287} 9. Nd5 {40} Bg4 {457} 10. c3 {91} Nd7 {809} 11. Bg5 {262} h6 {2}
12. Bh4 {72} Nc5 {345} 13. Qc2 {134} f5 {211} 14. exf5 {70} Bxf5 {7} 15. Qd1 {
282} g5 {180} 16. Bg3 {190} Kh8 {274} 17. Ne3 {774} Bh7 {30} 18. h3 {456} Ne4 {
259} 19. Bh2 {5} Qb6 {8} 20. Nc4 {418} Qc5 {10} 21. Ncd2 {29} a5 {420} 22. Nxe4
{603} Bxe4 {2} 23. Qa4 {4} Bh7 {137} 24. Rad1 {216} Rab8 {115} 25. Qb5 {114} b6
{90} 26. a4 {206} Be4 {29} 27. Nd2 {192} Bc2 {30} 28. Rc1 {36} Bg6 {9} 29. Nb3
{1452} Qxb5 {3} 30. Bxb5 {5} Rfc8 {73} 31. Rfe1 {178} Bf6 {11} 32. Nd2 {133}
Ne5 {55} 33. Ne4 {28} Bg7 {25} 34. Re2 {132} Kg8 {34} 35. Rce1 {30} Bf7 {31}
36. Nd2 {28} Rd8 {31} 37. f4 {31} gxf4 {16} 38. Bxf4 {3} Rf8 {44} 39. Bg3 {53}
Bg6 {29} 40. Re3 {35} Rbc8 {31} 41. Bxe5 {267} Bxe5 {150} 42. Nc4 {54} Bf4 {3}
43. Rxe7 {82} Bg3 {2} 44. Rd1 {245} h5 {1039} 45. Nxb6 {590} Rcd8 {646} 46. Nd5
{238} h4 {140} 47. Nc7 {325} Bf7 {31} 48. Rd4 {111} d5 {18} 49. Rg4+ {107} Kh8
{1} 50. Ne6 {35} Bxe6 {70} 51. Rxe6 {5} Rf7 {22} 52. Rh6+ {99} Rh7 {2} 53. Rhg6
{6} Re7 {43} 54. Rh6+ {52} Rh7 {1} 55. Re6 {32} Rg7 {13} 56. Rh6+ {32} Rh7 {36}
1/2-1/2

[Event "Championnat de France Alpe d'Huez 2023 "]
[Site "ALPE D'HUEZ, France"]
[Date "2023.08.22"]
[Round "4.1"]
[White "STEPHAN (ACC), Victor"]
[Black "POURQUET, Matthieu"]
[Result "1/2-1/2"]
[ECO "A46"]
[WhiteElo "2383"]
[BlackElo "2183"]
[PlyCount "104"]
[EventDate "2023.08.??"]
[TimeControl "1/40+30:0"]

1. d4 {2} Nf6 {125} 2. Nf3 {14} e6 {109} 3. Bg5 {23} h6 {6} 4. Bh4 {134} b6 {6}
5. Nbd2 {88} Bb7 {12} 6. c3 {316} Be7 {31} 7. Qc2 {131} c5 {103} 8. e3 {130}
Nc6 {13} 9. Bd3 {82} Rc8 {41} 10. dxc5 {244} bxc5 {286} 11. O-O {39} Nh5 {443}
12. Bxe7 {280} Qxe7 {219} 13. Rfe1 {26} O-O {124} 14. a3 {79} d6 {410} 15. Qa4
{155} a5 {644} 16. Nc4 {222} Rfd8 {450} 17. Rad1 {159} Qc7 {35} 18. e4 {61} Nf6
{145} 19. Bb1 {414} d5 {468} 20. exd5 {81} Nxd5 {5} 21. Qb5 {262} Qe7 {88} 22.
Rxd5 {324} Rxd5 {16} 23. Nb6 {5} Rdd8 {207} 24. Nxc8 {16} Rxc8 {3} 25. Be4 {294
} Ba8 {188} 26. h3 {113} Rb8 {153} 27. Qa6 {71} Bb7 {184} 28. Qc4 {143} Qd6 {
558} 29. Qa4 {251} Qc7 {102} 30. Rd1 {181} Ne5 {130} 31. Bxb7 {659} Rxb7 {12}
32. Nxe5 {38} Qxe5 {3} 33. Rd8+ {214} Kh7 {6} 34. Qc2+ {5} g6 {30} 35. Qd2 {5}
Qg5 {325} 36. Qxg5 {667} hxg5 {4} 37. Rd2 {3} Kg7 {417} 38. Kf1 {6} f5 {32} 39.
Ke2 {21} c4 {35} 40. Kd1 {25} a4 {306} 41. Kc2 {24} Rb5 {48} 42. Rd7+ {205} Kf6
{7} 43. Ra7 {21} Re5 {4} 44. Kd2 {29} Rb5 {118} 45. Kc1 {69} Re5 {4} 46. Rxa4 {
485} Re2 {42} 47. f3 {334} Rxg2 {286} 48. Rxc4 {4} Rg1+ {96} 49. Kd2 {201} Rg2+
{5} 50. Kc1 {3} Rg1+ {4} 51. Kd2 {337} Rg2+ {6} 52. Kc1 {2} Ke5 {19} 1/2-1/2